 Dungeon Crawl Stone Soup version 0.22-a0 (webtiles) character file.

2455 KarmaPolice the Covert (level 9, 0/55 HPs)
             Began as an Octopode Assassin on Dec 31, 2017.
             Was a Follower of Dithmenos.
             Slain by a hornet (15 damage)
             ... on level 7 of the Dungeon.
             The game lasted 00:23:47 (10957 turns).

KarmaPolice the Covert (Octopode Assassin)         Turns: 10957, Time: 00:23:49

Health: 0/55       AC:  1    Str: 10    XL:     9   Next: 50%
Magic:  11/11      EV: 16    Int: 16    God:    Dithmenos [*.....]
Gold:   265        SH:  0    Dex: 14    Spells: 10/10 levels left

rFire    . . .     SeeInvis .   D - +5 short sword
rCold    . . .     Gourm    .   (no shield)
rNeg     . . .     Faith    .   (helmet restricted)
rPois    .         Spirit   .   (no amulet)
rElec    .         Reflect  .   j - ring of stealth
rCorr    .         Harm     .   (no ring)
MR       .....                  (no ring)
Stlth    ++++++++..             (no ring)
HPRegen  0.18/turn              (no ring)
MPRegen  0.12/turn              (no ring)
                                (no ring)
                                (no ring)

@: slowed, wreathed by umbra, very slow
A: almost no armour, stealthy swim, amphibious, 8 rings, constrict 8, camouflage
1, gelatinous body 1
a: Renounce Religion


You were on level 7 of the Dungeon.
You worshipped Dithmenos.
Dithmenos was aware of your devotion.
You were hungry.

You visited 2 branches of the dungeon, and saw 8 of its levels.

You collected 289 gold pieces.
You spent 24 gold pieces at shops.

Inventory:

Hand Weapons
 b - a +0 blowgun
 o - a +0 vampiric dagger
 D - a +5 short sword (weapon)
Missiles
 c - 7 poisoned needles
 d - a curare-tipped needle
 y - 2 throwing nets (quivered)
Armour
 s - a +0 buckler
Jewellery
 j - a ring of stealth (left tentacle)
Wands
 t - a wand of scattershot (4)
 B - a wand of polymorph (20)
Scrolls
 a - a scroll of enchant weapon {unknown}
 g - 2 scrolls of identify
 h - 7 scrolls of teleportation
 i - 3 scrolls of remove curse
 k - a scroll of enchant armour {unknown}
 m - 2 scrolls of magic mapping {unknown}
 q - a scroll of fear {unknown}
 u - a scroll of blinking {unknown}
 C - a scroll of vulnerability {unknown}
Potions
 e - 3 potions of curing {unknown}
 f - a potion of invisibility {unknown}
 l - 2 potions of lignification {unknown}
 n - 2 potions of agility {unknown}
 p - 2 potions of degeneration {unknown}
 v - a potion of cancellation {unknown}
 w - 2 potions of mutation {unknown}
 z - a potion of brilliance {unknown}
 A - a potion of haste {unknown}
Books
 x - a book of Minor Magic

   Spells                             Type                      Level
   a - Magic Dart                     Conjuration                  1
   b - Blink                          Translocation                2
   c - Call Imp                       Summoning                    2
   d - Slow                           Hexes                        2
   e - Conjure Flame                  Conjuration/Fire             3
   f - Mephitic Cloud                 Conjuration/Poison/Air       3
Comestibles
 r - 6 rations


   Skills:
 - Level 2.7 Fighting
 + Level 6.8 Short Blades
 - Level 4.6 Throwing
 + Level 4.9 Dodging
 + Level 10.0 Stealth
 - Level 3.4 Shields
 - Level 1.2 Spellcasting
 + Level 3.7 Invocations


You had 10 spell levels left.
You didn't know any spells.

Dungeon Overview and Level Annotations

Branches:
Dungeon (7/15)             Temple (1/1) D:5

Altars:
Ashenzari
Cheibriados
Dithmenos
Elyvilon
Fedhas
Gozag
Hepliaklqana
Kikubaaqudgha
Makhleb
Nemelex Xobeh
Okawaru
Qazlal
Ru
Sif Muna
Trog
Uskayaw
Vehumet
Wu Jian
Xom
Yredelemnul
Zin
The Shining One

Shops:
D:4 ==[?


Innate Abilities, Weirdness & Mutations

You cannot wear most types of armour.
You are very stealthy in the water. (Stealth+)
You are amphibious.
You can wear up to eight rings at the same time.
You can use your tentacles to constrict eight enemies at once.
Your skin changes colour to match your surroundings (Stealth+).
Your rubbery body absorbs attacks. (AC +1, EV +1)


Message History

The hornet is lightly wounded.
The hornet stings you!!
You feel yourself slow down.
You hit the hornet. Your grab misses the hornet.
Your squeeze misses the hornet.
The hornet is moderately wounded.
The hornet barely misses you. x2
You barely miss the hornet. Your grab misses the hornet.
The hornet is moderately wounded.
The hornet barely misses you. The hornet closely misses you.
You closely miss the hornet. Your grab misses the hornet.
The hornet is lightly wounded.
The hornet completely misses you.
You closely miss the hornet. You grab the hornet.
The hornet is lightly wounded.
You feel yourself speed up.
You constrict the hornet, but do no damage.
The hornet stings you!
* * * LOW HITPOINT WARNING * * *
You feel yourself slow down. The hornet stings you!
You die...

..# #.#
######.######
...........
#.......#
#.......#
#..y....##
#...@....#
#####...).(..##
................
#####.......####
##.###### #.# #
##.##
...#...########
#.............#


You could see a hornet.

Vanquished Creatures
  Prince Ribbit (D:6)
  Sigmund (D:4)
  A sky beast (D:5)
  A phantom (D:5)
  An ice beast (D:5)
  A necrophage (D:6)
  2 ogres
  A centaur (D:7)
  3 bullfrogs (D:6)
  A gnoll sergeant (D:4)
  2 wights (D:6)
  A howler monkey (D:5)
  5 crimson imps (D:5)
  3 hounds
  2 gnoll shamans (D:4)
  A centaur skeleton (D:6)
  A bullfrog skeleton (D:5)
  2 jellies
  Ijyb (D:5)
  3 orc wizards
  2 worker ants
  A hound skeleton (D:4)
  Robin (D:3)
  31 gnolls
  4 adders
  2 shadow imps
  2 oozes (D:1)
  5 worms
  2 leopard geckos
  11 orcs
  5 bats
  3 giant cockroaches
  9 hobgoblins
  25 jackals
  3 ball pythons
  7 frilled lizards
  29 goblins
  6 kobolds
  A leopard gecko zombie (D:5)
  10 rats
193 creatures vanquished.

Notes
Turn   | Place    | Note
-------+----------+-------------------------------------------
     0 | D:1      | KarmaPolice the Octopode Assassin began the quest for the Orb.
     0 | D:1      | Reached XP level 1. HP: 14/14 MP: 1/1
   442 | D:1      | Reached XP level 2. HP: 17/19 MP: 2/2
   766 | D:1      | Reached XP level 3. HP: 24/25 MP: 3/3
  1653 | D:2      | Reached skill level 6 in Stealth
  1653 | D:2      | Reached XP level 4. HP: 11/30 MP: 4/4
  2774 | D:3      | Noticed an ogre
  2791 | D:3      | Killed an ogre
  2791 | D:3      | Reached skill level 1 in Shields
  2791 | D:3      | Reached XP level 5. HP: 19/35 MP: 5/5
  3377 | D:4      | Reached XP level 6. HP: 41/41 MP: 6/6
  3385 | D:4      | Found Dottua's Antique Armour Emporium.
  3467 | D:4      | Noticed Robin
  3513 | D:3      | Killed Robin
  3589 | D:4      | Reached skill level 7 in Stealth
  3709 | D:4      | Found Coacamm's Jewellery Shop.
  3780 | D:4      | Found Ocikonuh's Jewellery Shoppe.
  3881 | D:4      | Found Acovi's Magic Scroll Shop.
  3891 | D:4      | Bought a scroll of identify for 24 gold pieces
  4427 | D:4      | Noticed Sigmund
  4750 | D:4      | Killed Sigmund
  4750 | D:4      | Reached XP level 7. HP: 32/45 MP: 7/7
  5352 | D:4      | HP: 1/45 [gnoll/whip (8)]
  5935 | D:4      | Reached skill level 8 in Stealth
  6512 | D:3      | Reached XP level 8. HP: 18/51 MP: 8/8
  7154 | D:4      | Reached skill level 5 in Short Blades
  7768 | D:5      | Entered Level 5 of the Dungeon
  8264 | D:5      | Noticed Ijyb
  8278 | D:5      | Reached skill level 1 in Spellcasting
  8284 | D:5      | Killed Ijyb
  8404 | D:5      | Found a staircase to the Ecumenical Temple.
  8430 | Temple   | Entered the Ecumenical Temple
  8706 | Temple   | Became a worshipper of Dithmenos the Shadowed
  8834 | D:5      | Reached skill level 1 in Invocations
  9078 | D:5      | Reached skill level 9 in Stealth
  9467 | D:6      | Reached XP level 9. HP: 40/55 MP: 10/10
  9702 | D:6      | Noticed Prince Ribbit
  9761 | D:6      | Killed Prince Ribbit
 10372 | D:6      | Reached * piety under Dithmenos
 10416 | D:6      | Noticed a moth of wrath
 10419 | D:6      | Found a bloodstained altar of Trog.
 10950 | D:7      | Noticed a hornet
 10950 | D:7      | Reached skill level 10 in Stealth
 10957 | D:7      | Slain by a hornet

Vault maps used:
D:1:      elethiomel_arrival_diamonds
D:2:      kennysheep_the_goblin_king
D:4:      lemuel_castle_with_subvaults, serial_shops, shop, nicolae_shop_stone,
          kennysheep_little_box, nicolae_shop_stone, uniq_robin, uniq_sigmund
D:5:      minmay_temple_entry_glassed_door, first_ration, uniq_ijyb
D:6:      tgw_trog, uniq_prince_ribbit1
Temple:   roderic_octagonal_lattice_temple

Skill      XL: |  1  2  3  4  5  6  7  8  9 |
---------------+----------------------------+-----
Stealth        | 6 7 8 9 10 | 10.0
Short Blades   | 3 4 6 |  6.8
Throwing       | 3 4 |  4.6
Shields        | 1 2 3 |  3.4
Dodging        | 4 |  4.9
Spellcasting   | 1 |  1.2
Invocations    | 2 3 |  3.7
Fighting       | |  2.7

Action                   |  1- 3 |  4- 6 |  7- 9 || total
-------------------------+-------+-------+-------++-------
Melee: Dagger            |    86 |   123 |   307 ||   516
       Constrict         |    26 |    30 |    74 ||   130
       Tentacles         |    16 |    20 |    75 ||   111
       Short sword       |       |       |    21 ||    21
 Fire: Blowgun           |       |     9 |    20 ||    29
  Use: Scroll            |       |     2 |       ||     2
 Stab: Sleeping          |     8 |    13 |    17 ||    38
       Distracted        |       |       |     1 ||     1
  Eat: Chunk             |     2 |     6 |    17 ||    25
       Ration            |       |     2 |     1 ||     3
Armor: Skin              |     9 |     1 |     6 ||    16
Dodge: Dodged            |    58 |    58 |   194 ||   310

Table legend:
 A = Spawn XP
 B = Non-spawn XP
 C = Spawn XP percentage of total XP
 D = Spawn monster count
 E = Non-spawn monster count
 F = Spawn count percentage of total count
 G = Total turns spent on level
                    A         B        C        D         E        F      G
               +---------+---------+-------+---------+---------+-------+---------
         Total |       0 |    3508 |   0.0 |       0 |     193 |   0.0 | 10957
               +---------+---------+-------+---------+---------+-------+---------
           D:1 |       0 |      72 |   0.0 |       0 |      38 |   0.0 |  1433
           D:2 |       0 |      25 |   0.0 |       0 |      16 |   0.0 |  1102
           D:3 |       0 |     234 |   0.0 |       0 |      14 |   0.0 |  2636
           D:4 |       0 |    1129 |   0.0 |       0 |      76 |   0.0 |  2597
           D:5 |       0 |     802 |   0.0 |       0 |      23 |   0.0 |  1289
           D:6 |       0 |     970 |   0.0 |       0 |      19 |   0.0 |  1474
           D:7 |       0 |     276 |   0.0 |       0 |       7 |   0.0 |   126
               +---------+---------+-------+---------+---------+-------+---------
